 Dungeon Crawl Stone Soup version 0.28.0 (webtiles) character file.

Game seed: 182323699599109668

812 fragbeetle the Slicer (level 7, -9/51 HPs)
             Began as a Gnoll Wanderer on Feb 15, 2022.
             Mangled by an ogre (24 damage)
             ... on level 6 of the Dungeon.
             The game lasted 00:09:23 (3944 turns).

fragbeetle the Slicer (Gnoll Wanderer)              Turns: 3944, Time: 00:09:24

Health: -9/51      AC:  7    Str:  8 (11) XL:     7   Next: 93%
Magic:  11/11      EV: 11    Int: 10 (11) God:
Gold:   44         SH:  5    Dex: 12 (14) Spells: 8/11 levels left

rFire   . . .      SeeInvis .   a - +2 short sword
rCold   . . .      Faith    .   c - +0 buckler
rNeg    . . .      Spirit   .   d - +0 leather armour
rPois   .          Reflect  .   w - +2 helmet
rElec   .          Harm     .   (no cloak)
rCorr   .          Rampage  .   n - +0 pair of gloves
Will    .....                   (no boots)
Stlth   ++........              u - amulet of regeneration
HPRegen 0.97/turn               (no ring)
MPRegen 0.12/turn               (no ring)

@: no status effects
A: fangs 1, strong nose, distributed training
a: no special abilities


You were on level 6 of the Dungeon.
You visited 2 branches of the dungeon, and saw 7 of its levels.

You collected 209 gold pieces.
You spent 165 gold pieces at shops.

Inventory:

Hand Weapons
 a - a +2 short sword (weapon)
 b - a +2 whip of venom
Missiles
 o - 31 sling bullets
Armour
 c - a +0 buckler (worn)
 d - a +0 leather armour (worn)
 f - a +0 ring mail
 n - a +0 pair of gloves (worn)
 w - a +2 helmet (worn)
Magical Staves
 x - a staff of air
Jewellery
 u - an amulet of regeneration (around neck)
Scrolls
 e - 2 scrolls of teleportation {unknown}
 g - a scroll of magic mapping {unknown}
 h - a scroll of enchant armour {unknown}
 l - 2 scrolls of fear {unknown}
 r - a scroll of identify {unknown}
 v - a scroll of brand weapon {unknown}
 y - a scroll of vulnerability {unknown}
Potions
 i - a potion of resistance
 j - a potion of mutation {unknown}
 k - 2 potions of brilliance {unknown}
 m - a potion of might {unknown}
 p - a potion of curing {unknown}
 q - a potion of degeneration
 s - a potion of haste {unknown}
 t - a potion of attraction {unknown}
 z - a potion of ambrosia {unknown}
 A - a potion of lignification {unknown}


   Skills:
 + Level 2.8 Fighting
 + Level 10.8 Short Blades
 + Level 2.8 Long Blades
 + Level 2.8 Axes
 + Level 3.8 Maces & Flails
 + Level 2.8 Polearms
 + Level 2.8 Staves
 + Level 2.8 Slings
 + Level 2.8 Bows
 + Level 2.8 Crossbows
 + Level 2.8 Throwing
 + Level 3.8 Armour
 + Level 2.8 Dodging
 + Level 2.8 Stealth
 + Level 5.4 Shields
 + Level 2.8 Unarmed Combat
 + Level 2.8 Spellcasting
 + Level 2.2 Conjurations
 + Level 2.2 Hexes
 + Level 2.2 Summonings
 + Level 2.2 Necromancy
 + Level 2.2 Translocations
 + Level 2.2 Transmutations
 + Level 2.2 Fire Magic
 + Level 2.2 Ice Magic
 + Level 2.2 Air Magic
 + Level 2.2 Earth Magic
 + Level 2.2 Poison Magic
 + Level 3.1 Invocations
 + Level 3.8 Evocations


You had 8 spell levels left.
You knew the following spells:

 Your Spells              Type           Power      Damage    Failure   Level
a - Mephitic Cloud        Conj/Pois/Air  5%         N/A       52%         3

Your spell library contained the following spells:

 Spells                   Type           Power      Damage    Failure   Level
 Corpse Rot               Necr/Air       10%        N/A       30%         2
 Poisonous Vapours        Pois/Air       10%        N/A       30%         2
 Ignite Poison            Fire/Tmut/Pois 5%         N/A       52%         3
 Freezing Cloud           Conj/Ice/Air   2%         6-21      99%         5


Dungeon Overview and Level Annotations

Branches:
Dungeon (6/15)             Temple (1/1) D:5

Altars:
Cheibriados
Dithmenos
Elyvilon
Fedhas
Hepliaklqana
Kikubaaqudgha
Nemelex Xobeh
Qazlal
Ru
Sif Muna
Uskayaw
Vehumet
Wu Jian
Xom
Yredelemnul
Zin
The Shining One

Shops:
D:3 =   D:5 *

Annotations:
D:6 2 transporters, BigDaddyOpFi's ghost, novice HOMo


Innate Abilities, Weirdness & Mutations

You have very sharp teeth.
Your uncanny sense of smell can sniff out nearby items.
Your experience applies equally to all skills.


Message History

You hit the scorpion.
The scorpion is severely wounded.
You feel sick.
The scorpion stings you but does no damage.
You hit the scorpion but do no damage.
The scorpion is severely wounded.
The scorpion stings you.
You hit the scorpion but do no damage.
The scorpion is severely wounded.
You feel sick.
You hit the scorpion but do no damage.
The scorpion is severely wounded.
You feel sick.
The scorpion stings you but does no damage.
You hit the scorpion.
The scorpion is severely wounded.
The scorpion barely misses you.
You hit the scorpion.
The scorpion is almost dead.
You feel sick. You block the scorpion's attack.
You hit the scorpion but do no damage. Your bite misses the scorpion.
The scorpion is almost dead.
You hit the scorpion.
The scorpion is almost dead.
You feel sick.
You are no longer poisoned.
The scorpion barely misses you.
You hit the scorpion.
You kill the scorpion!
You barely miss the ogre. The ogre hits you with a +0 giant club!
You hit the ogre.
The ogre is lightly wounded.
You hit the ogre but do no damage.
The ogre is lightly wounded.
The ogre hits you with a +0 giant club!!
* * * LOW HITPOINT WARNING * * *
You are too injured to fight recklessly!
The white imp shouts, "Quit, thou weedy flat-headed pustule!"
The ogre hits you with a +0 giant club!!
You die...

#. #####.###########
........).......#
###....#...##..#
#....#...###.#
#.O..##..###5# ∆
.s.F..###......# ...5#...#
##....O# ... #...# ###..@#
.. #..## ####)# . #..
####....# ..####.......#
##.........#.#..#....©....#
#..........# ..(#..#..(#..#
#..####.###.#
#..#.#.....#.# ##..##..)#
#.# #..#....W...©#
#...#....# #.#
#..##8CsKW.8##


You could see an ogre and a white imp.

Vanquished Creatures
  A yak (D:6)
  2 ogres (D:6)
  2 bullfrogs (D:6)
  2 scorpions
  2 hounds (D:6)
  A gnoll shaman (D:6)
  8 adders
  2 ufetubi
  A worm (D:3)
  2 dart slugs
  An orc (D:6)
  5 ball pythons (D:1)
  9 endoplasms
  4 giant cockroaches
  7 goblins
  11 hobgoblins
  4 jackals (D:1)
  A quokka (D:1)
  9 bats
  3 frilled lizards
  11 kobolds
  2 rats
90 creatures vanquished.

Vanquished Creatures (others)
  5 toadstools (D:1)
5 creatures vanquished.

Grand Total: 95 creatures vanquished

Notes
Turn   | Place    | Note
-------+----------+-------------------------------------------
     0 | D:1      | Reached skill level 10 in Short Blades
     0 | D:1      | fragbeetle the Gnoll Wanderer began the quest for the Orb.
     0 | D:1      | fragbeetle set off with the following items: a +2 short
                  | sword, a +0 mace, a +0 buckler, a +0 leather armour
     0 | D:1      | Reached XP level 1. HP: 13/13 MP: 1/1
   177 | D:1      | Reached XP level 2. HP: 19/19 MP: 2/2
   439 | D:1      | Reached XP level 3. HP: 15/25 MP: 3/3
  1036 | D:1      | Reached skill level 1 in Invocations
  1149 | D:1      | Found a faded altar of an unknown god.
  1204 | D:2      | Reached skill level 1 in Fighting
  1204 | D:2      | Reached skill level 1 in Long Blades
  1204 | D:2      | Reached skill level 1 in Axes
  1204 | D:2      | Reached skill level 1 in Polearms
  1204 | D:2      | Reached skill level 1 in Staves
  1204 | D:2      | Reached skill level 1 in Slings
  1204 | D:2      | Reached skill level 1 in Bows
  1204 | D:2      | Reached skill level 1 in Crossbows
  1204 | D:2      | Reached skill level 1 in Throwing
  1204 | D:2      | Reached skill level 1 in Dodging
  1204 | D:2      | Reached skill level 1 in Stealth
  1204 | D:2      | Reached skill level 1 in Unarmed Combat
  1204 | D:2      | Reached skill level 1 in Spellcasting
  1282 | D:2      | Reached XP level 4. HP: 32/32 MP: 5/5
  1666 | D:2      | Reached skill level 1 in Conjurations
  1666 | D:2      | Reached skill level 1 in Hexes
  1666 | D:2      | Reached skill level 1 in Summonings
  1666 | D:2      | Reached skill level 1 in Necromancy
  1666 | D:2      | Reached skill level 1 in Translocations
  1666 | D:2      | Reached skill level 1 in Transmutations
  1666 | D:2      | Reached skill level 1 in Fire Magic
  1666 | D:2      | Reached skill level 1 in Ice Magic
  1666 | D:2      | Reached skill level 1 in Air Magic
  1666 | D:2      | Reached skill level 1 in Earth Magic
  1666 | D:2      | Reached skill level 1 in Poison Magic
  2087 | D:3      | Found Voollesch's Jewellery Emporium.
  2150 | D:3      | Found a hide-covered altar of Uskayaw.
  2173 | D:3      | Learned a level 3 spell: Mephitic Cloud
  2250 | D:3      | Reached XP level 5. HP: 34/37 MP: 6/6
  2377 | D:3      | Found a basalt altar of Yredelemnul.
  2378 | D:3      | Found a shadowy altar of Dithmenos.
  2914 | D:4      | Noticed an ogre
  2964 | D:4      | Noticed a black bear
  3055 | D:5      | Entered Level 5 of the Dungeon
  3137 | D:5      | Found Kaymeal's General Store.
  3155 | D:5      | Bought a +2 helmet for 165 gold pieces
  3204 | D:5      | Noticed a yak
  3204 | D:5      | Noticed a yak
  3204 | D:5      | Noticed a yak
  3272 | D:6      | HP: 1/38 [yak (5)]
  3273 | D:6      | Killed a yak
  3274 | D:6      | Reached skill level 5 in Shields
  3274 | D:6      | Reached XP level 6. HP: 2/44 MP: 7/9
  3403 | D:5      | Found a staircase to the Ecumenical Temple.
  3409 | Temple   | Entered the Ecumenical Temple
  3657 | D:6      | Found a transporter.
  3659 | D:6      | Found a transporter.
  3659 | D:6      | Noticed BigDaddyOpFi's ghost (novice HOMo)
  3660 | D:6      | Noticed a cyclops
  3742 | D:6      | Reached XP level 7. HP: 45/50 MP: 10/10
  3944 | D:6      | Mangled by an ogre

Illustrated notes

Levels and vault maps discovered:
D:1:      ldierk_walled_garden, layout_loops_ring,
          shapermc_ecumenical_altar_hornbeckon, amcnicky_mini_corridor_feature
D:2:      wander_river, layout_basic
D:3:      layout_basic, eat_drink_and_be_merry_uskayaw,
          grunt_temple_overflow_open, serial_shops,
          nicolae_shop_window_shopping, serial_bayou_pond_d
D:4:      layout_loops_ring, makhleb_altar_promises_db,
          nicolae_elevator_lobby_plus, uniq_edmund
D:5:      layout_cave_pods, minmay_temple_entry_wispy, serial_shops,
          nicolae_shop_window_shopping
D:6:      minmay_recursive_quarters, layout_loops_ring, gammafunk_ghost_arena,
          st_stairs_12, kennysheep_big_empty_room
Temple:   zaba_magenta_temple

Skill      XL: |  1  2  3  4  5  6  7 |
---------------+----------------------+-----
Short Blades   | | 10.8
Invocations    | 1 2 3 |  3.1
Fighting       | 1 2 |  2.8
Long Blades    | 1 2 |  2.8
Axes           | 1 2 |  2.8
Polearms       | 1 2 |  2.8
Staves         | 1 2 |  2.8
Slings         | 1 2 |  2.8
Bows           | 1 2 |  2.8
Crossbows      | 1 2 |  2.8
Throwing       | 1 2 |  2.8
Dodging        | 1 2 |  2.8
Stealth        | 1 2 |  2.8
Unarmed Combat | 1 2 |  2.8
Spellcasting   | 1 2 |  2.8
Conjurations   | 1 2 |  2.2
Hexes          | 1 2 |  2.2
Summonings     | 1 2 |  2.2
Necromancy     | 1 2 |  2.2
Translocations | 1 2 |  2.2
Transmutations | 1 2 |  2.2
Fire Magic     | 1 2 |  2.2
Ice Magic      | 1 2 |  2.2
Air Magic      | 1 2 |  2.2
Earth Magic    | 1 2 |  2.2
Poison Magic   | 1 2 |  2.2
Maces & Flails | 3 |  3.8
Armour         | 3 |  3.8
Evocations     | 3 |  3.8
Shields        | 5 |  5.4

Action                   |  1- 3 |  4- 6 |  7- 9 || total
-------------------------+-------+-------+-------++-------
Melee: Short sword       |    99 |   203 |    95 ||   397
       Bite              |    11 |    23 |    12 ||    46
  Use: Potion            |       |     1 |     1 ||     2
 Stab: Sleeping          |     1 |       |       ||     1
Armor: Ring mail         |    18 |    67 |     4 ||    89
       Leather armour    |       |       |     7 ||     7
Dodge: Dodged            |    20 |    65 |    22 ||   107
Block: Buckler           |    20 |    47 |    13 ||    80
